 Dungeon Crawl Stone Soup version 0.26-a0-651-gb41185065b (webtiles) character file.

Game seed: 13727676569318321922

43373 Flugslaktarn the Cleaver (level 13, -1/128 HPs)
             Began as a Deep Dwarf Fighter on Oct 22, 2020.
             Was the Champion of Makhleb.
             Killed from afar by an orc sorcerer (28 damage)
             ... with a bolt of negative energy
             ... on level 2 of the Orcish Mines.
             The game lasted 00:08:39 (11110 turns).

Flugslaktarn the Cleaver (Deep Dwarf Fighter)      Turns: 11110, Time: 00:08:40

Health: -1/128     AC: 24    Str: 20    XL:     13   Next: 90%
Magic:  7/7        EV:  8    Int: 11    God:    Makhleb [******]
Gold:   1937       SH:  9    Dex: 15    Spells: 12/12 levels left

rFire    . . .     SeeInvis .   L - +0 broad axe
rCold    + . .     Faith    +   I - +0 kite shield
rNeg     . . .     Spirit   .   m - +0 plate armour
rPois    +         Reflect  .   u - +2 helmet
rElec    .         Harm     .   v - +0 cloak
rCorr    .         Rampage  .   b - +2 pair of gloves
MR       +....                  D - +1 pair of boots
Stlth    ..........             e - amulet of faith
HPRegen  0.00/turn              o - ring of poison resistance
MPRegen  0.10/turn              c - ring of protection from cold

@: non-regenerating, heavily drained
A: damage resistance, heal wounds, sense surroundings 2, no regeneration
a: Heal Wounds, Minor Destruction, Lesser Servant of Makhleb, Major Destruction,
Greater Servant of Makhleb, Renounce Religion


You were on level 2 of the Orcish Mines.
You worshipped Makhleb.
Makhleb was exalted by your worship.
You visited 3 branches of the dungeon, and saw 20 of its levels.
You also visited: Ice Cave.

You collected 2206 gold pieces.
You spent 269 gold pieces at shops.

Inventory:

Hand Weapons
 L - a +0 broad axe (weapon)
   (You found it on level 3 of the Lair of Beasts)
Armour
 b - a +2 pair of gloves (worn)
   (You found it on level 11 of the Dungeon)
 m - a +0 plate armour (worn)
   (You found it on level 14 of the Dungeon)
 u - a +2 helmet (worn)
   (You bought it in a shop on level 7 of the Dungeon)
 v - a +0 cloak (worn)
   (You bought it in a shop on level 7 of the Dungeon)
 D - a +1 pair of boots (worn)
   (You found it on level 13 of the Dungeon)
 E - a +0 plate armour
   (You found it on level 9 of the Dungeon)
 I - a +0 kite shield (worn)
Jewellery
 c - a ring of protection from cold (right hand)
   (You found it on level 2 of the Lair of Beasts)
 e - an amulet of faith (around neck)
   (You found it on level 1 of the Dungeon)
 o - a ring of poison resistance (left hand)
   (You found it on level 4 of the Dungeon)
Wands
 g - a wand of acid (28)
   (You found it on level 8 of the Dungeon)
 i - a wand of iceblast (33)
   (You found it on level 6 of the Dungeon)
 H - a wand of enslavement (6)
   (You found it on level 10 of the Dungeon)
Scrolls
 f - 4 scrolls of fog
 k - 2 scrolls of fear
 l - a scroll of magic mapping
 s - 4 scrolls of holy word
 t - 4 scrolls of teleportation
 x - 10 scrolls of remove curse
 y - 2 scrolls of immolation
 z - 3 scrolls of blinking
 F - 5 scrolls of vulnerability
 K - a scroll of summoning
Potions
 d - 2 potions of might
 h - 4 potions of haste
 n - 2 potions of ambrosia
 p - a potion of flight
 q - 6 potions of curing
 w - a potion of heal wounds
 B - 2 potions of lignification
 J - a potion of mutation
Miscellaneous
 C - a tin of tremorstones (3/3)
   (You found it on level 9 of the Dungeon)


   Skills:
 * Level 11.9(10.5) Fighting
 * Level 13.7(12.2) Axes
 + Level 10.4(9.1) Armour
 + Level 9.3(7.9) Dodging
 - Level 4.4(3.2) Shields
 + Level 10.7(9.3) Invocations
 + Level 9.4(8.1) Evocations


You had 12 spell levels left.
You didn't know any spells.
Your spell library was empty.

Dungeon Overview and Level Annotations

Branches:
Dungeon (15/15)            Temple (0/1) D:6            Lair (3/6) D:10
 Shoals (0/4) Lair:3       Spider (0/4) Lair:3          Orc (2/2) D:12
    Elf (0/3) Orc:2        Vaults (0/5) D:13          IceCv (visited)
 Depths: D:15

Altars:
Elyvilon
Hepliaklqana
Makhleb
Qazlal
Vehumet
Xom
Zin
The Shining One
Beogh

Shops:
D:7 [   D:10 !   D:13 }   Orc:2 *

Portals:
Trove: D:11 (give 2 scrolls of acquirement)
Sewer: D:4


Innate Abilities, Weirdness & Mutations

You are resistant to damage.
You can heal yourself by infusing magical energy.
You passively map the area around you.
You do not regenerate.


Message History

The orc knight is heavily wounded.
You hit the orange demon but do no damage.
You hit the sixfirhy.
The sixfirhy hits you but does no damage.
The sixfirhy hits you. The sixfirhy shocks you!
You block the sixfirhy's attack.
The sixfirhy hits you but does no damage.
The sixfirhy misses you. The sixfirhy hits you. The sixfirhy shocks you!
* * * LOW HITPOINT WARNING * * *
The sixfirhy barely misses you.
You feel much better.
The sixfirhy hits you but does no damage. x2
You block the sixfirhy's attack.
The sixfirhy hits you but does no damage. x4
The orc knight hits you with a +0 war axe!!
* * * LOW HITPOINT WARNING * * *
The orc sorcerer casts a spell at you.
The bolt of negative energy misses the sixfirhy.
The bolt of negative energy hits you!!
You feel drained.
You die...

* * * #.....# , , ##### *
##.....# , * ....÷#
#.....## , ......######
##.#.#.# , , ....÷...##.##
###.### *∩,,,÷...÷4..##..#
##..# , , ..○..oo44##.##
###...# , , *
.÷.ooo33o.#..###.....# ,
o,#@o.##.#......## , , ***
, ##...#......### , , , .
** ##...#...#...#* , , ,
... ###)...#......##,* *
,...#####..)..##........ *
, ,
........)...##..........
...........##...........#
, ,
.........###............#,
, ,
.......)##....^.........


You could see an orc knight (strong), an orc high priest (strong), an orange
demon (summoned), an ice devil (summoned), 2 sixfirhies, 3 orc sorcerers, a red
devil (summoned), an orc warrior (strong) and an orc priest (strong).

Vanquished Creatures
  Nessos (D:13)
  Fannar (D:12)
  A hydra (D:13)
  2 two-headed ogres
  2 dancing weapons (D:13)
  A tengu warrior (D:13)
  Pikel (D:9)
  An orc knight (Orc:2)
  10 ugly things
  3 cyclopes
  4 deep elf magi
  3 manticores
  A centaur zombie (D:13)
  6 cane toads
  2 ice devils (Lair:2)
  A rime drake (Lair:3)
  5 komodo dragons
  A tengu conjurer (D:13)
  4 red devils (D:14)
  4 trolls
  A meliai (shapeshifter) (D:14)
  2 jumping spiders (Lair:3)
  A hornet (D:11)
  5 blink frogs (Lair:1)
  A meliai zombie (D:11)
  6 hippogriffs
  2 shadows (D:14)
  2 redbacks (Lair:3)
  2 wyverns
  4 wraiths
  13 yaks
  5 vampire mosquitoes
  A steam dragon (D:14)
  A basilisk (Lair:1)
  2 wargs
  A soldier ant (D:13)
  3 water moccasins
  6 ice beasts
  12 porcupines
  17 orc warriors
  5 black bears
  2 sky beasts
  2 phantoms
  2 eyes of draining
  8 ogres
  A necrophage (D:13)
  12 wolves
  4 centaurs
  3 crocodiles (Lair:1)
  A big kobold (D:12)
  17 bullfrogs
  7 scorpions
  13 killer bees
  11 wights
  6 howler monkeys
  4 bullfrog zombies
  6 crimson imps (D:8)
  10 hounds
  2 quasits
  2 jellies (D:12)
  A gnoll shaman (D:8)
  15 orc priests
  4 centaur skeletons
  19 orc wizards
  2 iguanas
  11 worker ants
  A hound skeleton (D:5)
  A howler monkey zombie (D:6)
  A worker ant zombie (D:5)
  7 gnolls
  A howler monkey skeleton (D:8)
  6 adders
  3 shadow imps
  3 white imps
  4 ufetubi
  An ooze (D:4)
  3 adder skeletons
  4 leopard geckos
  61 orcs
  3 ball pythons
  6 giant cockroaches
  2 goblins
  5 hobgoblins (D:1)
  7 jackals
  2 quokkas
  3 bats (D:1)
  A frilled lizard (D:1)
  A giant cockroach zombie (D:5)
  A jackal zombie (D:5)
  8 kobolds
  A leopard gecko zombie (D:5)
  5 rats
452 creatures vanquished.

Vanquished Creatures (collateral kills)
  3 hydras
  Erolcha (D:12)
  2 orc high priests (Orc:2)
  2 orc knights (Orc:2)
  A manticore (D:12)
  4 ugly things
  A troll (D:12)
  An orc warrior (Orc:2)
  A wight (D:12)
16 creatures vanquished.

Vanquished Creatures (others)
  13 fungi
  20 plants
  2 withered plants (D:5)
35 creatures vanquished.

Grand Total: 503 creatures vanquished

Notes
Turn   | Place    | Note
-------+----------+-------------------------------------------
     0 | D:1      | Flugslaktarn the Deep Dwarf Fighter began the quest for the
                  | Orb.
     0 | D:1      | Reached XP level 1. HP: 20/20 MP: 1/1
    45 | D:1      | Reached XP level 2. HP: 25/27 MP: 2/2
   178 | D:2      | Reached XP level 3. HP: 27/34 MP: 3/3
   211 | D:3      | Reached skill level 3 in Axes
   355 | D:4      | Reached XP level 4. HP: 27/42 MP: 4/4
   446 | D:4      | Found a glowing drain.
   642 | D:4      | Reached XP level 5. HP: 46/50 MP: 4/4
   694 | D:4      | Noticed a phantom
   749 | D:4      | Killed a phantom
   749 | D:4      | Reached skill level 4 in Axes
   913 | D:5      | Entered Level 5 of the Dungeon
   966 | D:5      | Reached XP level 6. HP: 52/57 MP: 5/5
   975 | D:5      | Noticed an ice beast
   988 | D:5      | Killed an ice beast
   997 | D:5      | Reached skill level 5 in Axes
  1101 | D:5      | Reached XP level 7. HP: 41/66 MP: 6/6
  1113 | D:5      | Reached skill level 1 in Dodging
  1130 | D:5      | Got a brightly glowing helmet
  1136 | D:5      | Identified the cursed -2 helmet of Negation {Int+4} (You
                  | found it on level 5 of the Dungeon)
  1198 | D:5      | Reached skill level 5 in Fighting
  1456 | D:5      | Reached skill level 5 in Armour
  1514 | D:6      | Found a burning altar of Makhleb.
  1531 | D:6      | Became a worshipper of Makhleb the Destroyer
  1613 | D:6      | Found a staircase to the Ecumenical Temple.
  1742 | D:6      | Reached skill level 6 in Axes
  1742 | D:6      | Reached skill level 1 in Invocations
  1810 | D:6      | Reached XP level 8. HP: 43/75 MP: 5/7
  1845 | D:6      | Reached * piety under Makhleb
  2488 | D:7      | Reached skill level 7 in Axes
  2545 | D:7      | Reached ** piety under Makhleb
  2613 | D:7      | Found Nelo's Armour Shoppe.
  2621 | D:7      | Bought a +0 pair of gloves for 63 gold pieces
  2621 | D:7      | Bought a +0 helmet for 63 gold pieces
  2621 | D:7      | Bought a +0 cloak for 63 gold pieces
  2941 | D:8      | Gained mutation: You passively map the area around you.
                  | [Deep Dwarf growth]
  2941 | D:8      | Reached XP level 9. HP: 46/85 MP: 7/7
  3077 | D:8      | Reached skill level 8 in Axes
  3197 | D:8      | Noticed a two-headed ogre
  3250 | D:8      | Killed a two-headed ogre
  3250 | D:8      | Reached skill level 5 in Invocations
  3424 | D:8      | Reached *** piety under Makhleb
  3441 | D:8      | Reached skill level 1 in Evocations
  3605 | D:9      | Reached skill level 5 in Dodging
  3747 | D:9      | Reached XP level 10. HP: 65/96 MP: 8/8
  3748 | D:9      | Reached skill level 9 in Axes
  3910 | D:9      | Found a radiant altar of Vehumet.
  3910 | D:9      | Found a glowing golden altar of the Shining One.
  3915 | D:9      | Found a glowing silver altar of Zin.
  3917 | D:9      | Found a stormy altar of Qazlal.
  3919 | D:9      | Found a hazy altar of Hepliaklqana.
  4087 | D:9      | Noticed Pikel
  4118 | D:9      | Killed Pikel
  4184 | D:10     | Entered Level 10 of the Dungeon
  4305 | D:10     | Found a staircase to the Lair.
  4451 | D:10     | Noticed a deep elf mage
  4462 | D:10     | Reached **** piety under Makhleb
  4480 | D:10     | Killed a deep elf mage
  4663 | D:10     | Reached skill level 10 in Axes
  4900 | D:10     | Found Vidun's Distillery.
  4904 | D:10     | Bought a potion of mutation for 80 gold pieces
  4970 | D:10     | Identified a scroll of acquirement
  4970 | D:10     | Acquired 847 gold pieces
  5040 | D:11     | Noticed a manticore
  5053 | D:11     | Killed a manticore
  5053 | D:11     | Reached XP level 11. HP: 70/104 MP: 9/9
  5125 | D:11     | Found a white marble altar of Elyvilon.
  5150 | D:11     | Paralysed by a hornet for 3 turns
  5477 | D:11     | Reached skill level 5 in Evocations
  5670 | D:11     | Found a shimmering altar of Xom.
  5681 | D:11     | Found a portal to a secret trove of treasure.
  5699 | D:12     | Noticed a green ugly thing
  5709 | D:12     | Killed a green ugly thing
  5759 | D:12     | Noticed a five-headed hydra
  5771 | D:12     | Killed a nine-headed hydra
  5805 | D:12     | Noticed a deep elf mage
  5817 | D:12     | Killed a deep elf mage
  5828 | D:12     | Noticed Fannar
  5840 | D:12     | Killed Fannar
  5840 | D:12     | Reached skill level 11 in Axes
  5922 | D:12     | Noticed Erolcha
  5936 | D:12     | Killed Erolcha
  6044 | D:12     | Reached ***** piety under Makhleb
  6112 | D:12     | Noticed a brown ugly thing
  6134 | D:12     | Killed a brown ugly thing
  6274 | D:12     | Found a staircase to the Orcish Mines.
  6281 | D:12     | You fall into a shaft and drop 1 floor!
  6282 | D:13     | Noticed a tengu warrior
  6283 | D:13     | Noticed Nessos
  6287 | D:13     | Noticed a deep elf mage
  6299 | D:13     | Reached skill level 10 in Fighting
  6311 | D:13     | Killed a tengu warrior
  6311 | D:13     | Reached XP level 12. HP: 83/116 MP: 9/9
  6338 | D:13     | Killed Nessos
  6866 | D:13     | Found Faythim's Gadget Shop.
  6884 | D:13     | Found a gate to the Vaults.
  6890 | D:13     | Reached skill level 12 in Axes
  7237 | D:13     | Noticed a six-headed hydra
  7248 | D:13     | Killed a nine-headed hydra
  7453 | D:14     | Noticed a two-headed ogre
  7473 | D:14     | Killed a two-headed ogre
  7753 | D:14     | Reached ****** piety under Makhleb
  7825 | D:14     | Reached XP level 13. HP: 82/127 MP: 9/9
  8295 | D:15     | Entered Level 15 of the Dungeon
  8558 | Lair:1   | Entered Level 1 of the Lair of Beasts
  8671 | Lair:1   | Reached skill level 13 in Axes
  8671 | Lair:1   | Reached skill level 10 in Armour
  8699 | Lair:1   | Reached skill level 10 in Invocations
  9089 | Lair:2   | Found a frozen archway.
  9125 | IceCv    | Entered an ice cave
 10057 | Lair:3   | Found a staircase to the Shoals.
 10078 | Lair:3   | Found a hole to the Spider Nest.
 10735 | Orc:1    | Entered Level 1 of the Orcish Mines
 10799 | Orc:2    | Entered Level 2 of the Orcish Mines
 10800 | Orc:2    | Found Fyunie's Assorted Antiques.
 11031 | Orc:2    | Found a roughly hewn altar of Beogh.
 11110 | Orc:2    | Killed from afar by an orc sorcerer

Illustrated notes

Levels and vault maps discovered:
D:1:      onia_arrival_mini_spirals, layout_rooms
D:2:      layout_basic, serial_rivers, chequers_serial_rivers_marsh,
          chequers_serial_rivers_large_a, chequers_serial_rivers_micro_a,
          chequers_serial_rivers_room_b, chequers_serial_rivers_room_b,
          chequers_serial_rivers_micro_d, uniq_terence, uniq_sigmund
D:3:      layout_basic, kennysheep_generic_room_13, uniq_crazy_yiuf_cottage,
          uniq_grinder
D:4:      layout_basic, portal_sewer_entry_b, minivault_11
D:5:      layout_rooms, serial_undead, serial_undead_e, serial_undead_e,
          serial_undead_c, serial_undead_d
D:6:      layout_cave_pools, overflow_temple_1_default,
          minmay_temple_entry_crystal_x, kennysheep_opposing_triangles
D:7:      layout_basic, serial_shops, shop_fountains, grunt_ministairs_13
D:8:      layout_layer_cave, minmay_nine_imps
D:9:      layout_roguey, chequers_temple_overflow_minitemple,
          minmay_misc_feat_pillars, uniq_pikel
D:10:     layout_irregular_city, grunt_lair_entry_orc_guard_hut,
          serial_column_ruins, column_ruins_square_medium,
          column_ruins_open_small, column_ruins_open_small_water,
          column_ruins_corridor_straight, column_ruins_columns_straight,
          column_ruins_open_medium, serial_shops, kennysheep_mini_moat
D:11:     layout_roguey, basic_altar, nicolae_trove_entry_diagonal,
          elyvilon_altar_5
D:12:     layout_basic, david_orc_1_choice, chequers_serial_rivers_micro_b,
          uniq_erolcha, uniq_fannar
D:13:     layout_loops_ring, erik_vaults_1, serial_shops, nicolae_shop_stone,
          serial_park_tiny_1, st_stairs_10, eino_curves_04, uniq_nessos
D:14:     layout_loops_ring, minmay_misc_feat_nine_boxes,
          einodemon_armed_red_devil_minivault
D:15:     gammafunk_depths_entry_grave, layout_small_grid, serial_shops, shop,
          nicolae_shop_overgrown_old_shop, nemelex_xobeh_ov_fountains_minmay
Lair:1:   layout_regular_city, st_stairs_13, beast_lair_carwin_10,
          serial_bayou_shore_a
Lair:2:   layout_cave_shapes, portal_ice_cave_demonic_guard, minivault_23,
          st_stairs_7, chequers_serial_rivers_micro_d
Lair:3:   layout_misc_corridors, minmay_shoals_entry_centaurs,
          nicolae_spider_entry_tight_spaces
Orc:1:    nicolae_orc_accident_3, layout_caves, guppyfry_orc_lava_fort
Orc:2:    grunt_orc_tribal_feast, layout_caves, basic_altar, serial_shops,
          nicolae_shop_overgrown_old_shop, minmay_orc_temple_b

Skill      XL: |  1  2  3  4  5  6  7  8  9 10 11 12 13 |
---------------+----------------------------------------+-----
Fighting       | 3 4 5 6 7 8 10 11 | 11.9
Axes           | 3 4 5 6 7 8 10 11 12 13 | 13.7
Armour         | 4 5 6 7 8 9 10 | 10.4
Shields        | 4 |  4.4
Dodging        | 2 3 5 6 7 8 9 |  9.3
Invocations    | 1 3 5 6 8 9 10 | 10.7
Evocations     | 1 4 6 8 9 |  9.4

Action                   |  1- 3 |  4- 6 |  7- 9 | 10-12 | 13-15 || total
-------------------------+-------+-------+-------+-------+-------++-------
Melee: War axe           |    86 |   121 |   449 |   858 |   355 ||  1869
       Broad axe         |       |       |       |       |   279 ||   279
Invok: Lesser Servant of |       |       |       |     6 |     5 ||    11
       Greater Servant o |       |       |       |       |     1 ||     1
 Abil: Heal Wounds       |       |     4 |    28 |    20 |    13 ||    65
Evoke: Wand              |       |       |     4 |       |     3 ||     7
       Tin of tremorston |       |       |       |     4 |       ||     4
  Use: Scroll            |       |       |     8 |    15 |     6 ||    29
       Potion            |       |       |       |     2 |       ||     2
 Stab: Distracted        |       |       |       |     4 |     1 ||     5
Armor: Scale mail        |    63 |    42 |   128 |       |       ||   233
       Chain mail        |       |       |   141 |    12 |       ||   153
       Plate armour      |       |       |       |   651 |   417 ||  1068
Dodge: Dodged            |    47 |    42 |   202 |   329 |   232 ||   852
Block: Kite shield       |    71 |    61 |   347 |   542 |   319 ||  1340

Table legend: (Time is in decaauts)
 A = Elapsed time spent in this place.
 B = Non-inter-level travel time spent in this place.
 C = Inter-level travel time spent in this place.
 D = Time resting spent in this place.
 E = Time spent auto-exploring this place.
 F = Levels seen in this place.
 G = Mean time per level.
                   A        B        C        D        E       F      G
               +--------+--------+--------+--------+--------+-----+--------+
         Total |  11330 |  10532 |    798 |     35 |   6883 |  21 |  539.5 |
       Dungeon |   8883 |   8257 |    626 |     35 |   5407 |  15 |  592.2 |
          Lair |   2067 |   1897 |    170 |      0 |   1336 |   3 |  689.0 |
  Orcish Mines |    376 |    376 |      0 |      0 |    140 |   2 |  188.0 |
      Ice Cave |      3 |      3 |      0 |      0 |      0 |   1 |    3.0 |
               +--------+--------+--------+--------+--------+-----+--------+

Top non-repeatable levels by time:
    D:12: 1099 daAuts
  Lair:2: 971 daAuts
    D:14: 940 daAuts
    D:10: 912 daAuts
     D:7: 765 daAuts
    D:13: 733 daAuts
     D:6: 704 daAuts
    D:11: 703 daAuts
     D:8: 674 daAuts
  Lair:3: 640 daAuts
     D:5: 639 daAuts
     D:4: 621 daAuts
     D:9: 614 daAuts
  Lair:1: 455 daAuts
   Orc:2: 311 daAuts
